 Dungeon Crawl Stone Soup version 0.17-a0-2122-g03d97ec (webtiles) character file.

571 Banto the Cutter (level 7, -7/42 HPs)
             Began as a Halfling Artificer on Oct 21, 2015.
             Killed by divine providence
             ... invoked by an orc priest
              (10 damage)
             ... on level 5 of the Dungeon.
             The game lasted 00:10:23 (5374 turns).

Banto the Cutter (Halfling Artificer)               Turns: 5374, Time: 00:10:24

Health: -7/42      AC:  7    Str: 11    XL:     7   Next: 60%
Magic:  9/9        EV: 14    Int: 11    God:
Gold:   229        SH:  0    Dex: 17    Spells: 2 memorised, 1 level left

rFire  x . .     SeeInvis .     a - +1 short sword
rCold  + . .     Clarity  +     b - +0 leather armour
rNeg   . . .     SustAt   .     (shield restricted)
rPois  .         Gourm    .     (no helmet)
rElec  .         Spirit   .     w - +0 cloak (curse)
rCorr  .         Warding  .     y - +0 pair of gloves
rMut   .         Stasis   .     s - +1 pair of boots
MR     .....                    q - amulet of clarity
Stlth  +++.......               (no ring)
                                u - ring of ice

@: not resistant to hostile enchantments, fairly stealthy
A: mutation resistance 1
a: no special abilities


You were on level 5 of the Dungeon.
You were hungry.

You visited 1 branch of the dungeon, and saw 5 of its levels.

You collected 229 gold pieces.

Inventory:

Hand Weapons
 a - a +1 short sword (weapon)
 k - a +1 hunting sling of flaming
Missiles
 l - 24 poisoned needles
Armour
 b - a +0 leather armour (worn)
 s - a +1 pair of boots (worn)
 w - a cursed +0 cloak (worn)
 y - a +0 pair of gloves (worn)
Jewellery
 g - an uncursed amulet of resist corrosion
 q - an amulet of clarity (around neck)
 u - a ring of ice (left hand)
Wands
 c - a wand of flame (25)
 d - a wand of enslavement (11)
 e - a wand of random effects (14)
Scrolls
 h - 3 scrolls of magic mapping
 x - 2 scrolls of remove curse
Potions
 i - 2 potions of magic
 j - a potion of haste {unknown}
 m - a potion of heal wounds
 n - 2 potions of flight
 r - a potion of berserk rage {unknown}
 t - a potion of degeneration {unknown}
 z - a potion of curing {unknown}
Comestibles
 f - 4 bread rations
 o - 2 beef jerkies
 p - 4 fruits
 v - a slice of pizza


   Skills:
 - Level 0.8 Fighting
 - Level 5.8 Short Blades
 - Level 2.1 Dodging
 - Level 5.7 Stealth
 + Level 2.4 Hexes
 + Level 2.1 Ice Magic
 - Level 3.0 Evocations


You had one spell level left.
You knew the following spells:

 Your Spells              Type           Power        Failure   Level  Hunger
a - Ensorcelled Hibernat  Hex/Ice        #.....       30%         2    ###....
b - Confuse               Hex            #.......     65%         3    ####...


Dungeon Overview and Level Annotations

Branches:
Dungeon (5/15)
 Temple: D:4-7

Altars:
Ru

Shops:
D:4 (


Innate Abilities, Weirdness & Mutations

You are small and have problems with some larger weapons.
You are somewhat resistant to further mutation.


Message History

An orc priest comes into view. It is wielding a mace.
An orc comes into view. It is wielding a dagger.
An orc priest comes into view. It is wielding a whip.
An orc comes into view.
The orc priest mumbles some strange prayers to Beogh against you.
Something smites you!
Found a scroll of immolation and a hunting sling.
You barely miss the orc priest.
The orc priest shouts!
The orc shouts!
The orc priest barely misses you.
The orc priest mumbles some strange prayers to Beogh against you.
Something smites you!
The orc priest calls down the wrath of Beogh upon you.
You struggle to resist.
The orc priest mumbles some strange prayers to Beogh against you.
Something smites you!
* * * LOW HITPOINT WARNING * * *
The orc priest mumbles some strange prayers to Beogh against you.
Something smites you!
You die...

###
...######################
.......oo..oo...@.?.....#
...>....##############.##
....###.#.....########.#
....# #.#.#.........<#.#
....# #.#.############.#
###.# #.#......[.......#
#.) ..################
#.. ...


You could see an orc priest and an orc.

Vanquished Creatures
  A centaur (D:4)
  A giant frog (D:4)
  2 iguanas (D:4)
  An orc priest (D:2)
  An orc wizard (D:3)
  Terence (D:3)
  A giant frog skeleton (D:3)
  A worker ant (D:4)
  8 adders
  4 oozes
  5 worms
  12 orcs
  5 giant cockroaches
  4 hobgoblins
  12 jackals
  8 kobolds
  3 quokkas
  2 ball pythons
  9 bats
  2 giant geckos
  A giant gecko skeleton (D:4)
  4 giant newts
  9 goblins
  A quokka skeleton (D:3)
  10 rats
108 creatures vanquished.

Vanquished Creatures (collateral kills)
  A phantom (D:4)
1 creature vanquished.

Vanquished Creatures (others)
  An adder (D:2)
1 creature vanquished.

Grand Total: 110 creatures vanquished

Notes
Turn   | Place    | Note
--------------------------------------------------------------
     0 | D:1      | Banto the Halfling Artificer began the quest for the Orb.
     0 | D:1      | Reached XP level 1. HP: 12/12 MP: 3/3
     2 | D:1      | Noticed a human skeleton
     5 | D:1      | Noticed a formicid zombie
     7 | D:1      | Noticed a centaur zombie
     8 | D:1      | Noticed a spriggan skeleton
    10 | D:1      | Noticed a merfolk zombie
    12 | D:1      | Noticed a draconian zombie
    14 | D:1      | Noticed a merfolk skeleton
    14 | D:1      | Noticed a human zombie
    14 | D:1      | Noticed a draconian skeleton
    16 | D:1      | Noticed a troll skeleton
    16 | D:1      | Noticed a formicid
    18 | D:1      | Noticed a felid
    20 | D:1      | Noticed a human skeleton
   151 | D:1      | Reached XP level 2. HP: 18/18 MP: 4/4
   429 | D:1      | Reached XP level 3. HP: 17/22 MP: 5/5
  1483 | D:2      | Reached XP level 4. HP: 23/27 MP: 6/6
  1852 | D:3      | Found a faded altar to an unknown god.
  2049 | D:3      | Reached skill level 4 in Stealth
  2049 | D:3      | Reached XP level 5. HP: 32/32 MP: 7/7
  2102 | D:2      | Learned a level 2 spell: Ensorcelled Hibernation
  2865 | D:3      | Found a sacrificial altar of Ru.
  3196 | D:3      | Reached XP level 6. HP: 37/37 MP: 8/8
  3256 | D:3      | Reached skill level 5 in Short Blades
  3256 | D:3      | Reached skill level 5 in Stealth
  3558 | D:3      | Noticed Terence
  3848 | D:3      | Learned a level 3 spell: Confuse
  4001 | D:3      | Killed Terence
  4095 | D:4      | Found Ostujaz's Weapon Boutique.
  4237 | D:4      | Reached XP level 7. HP: 37/42 MP: 9/9
  4358 | D:4      | Reached skill level 1 in Hexes
  4517 | D:4      | Reached skill level 1 in Ice Magic
  5064 | D:5      | Entered Level 5 of the Dungeon
  5374 | D:5      | Killed from afar by an orc priest

Vault maps used:
D:1:      shiori_arrival_whats_in_store_for_you
D:3:      forest_paths, nicolae_ru_sacrificial_ziggurat, ecumenical_altar_1,
          uniq_terence
D:4:      serial_shops, nicolae_shop_trees
D:5:      overflow_temple_1_default, nicolae_overflow_hidden_temple,
          first_bread, tgw_kikubaaqudgha

Action                   |  1- 3 |  4- 6 |  7- 9 || total
-------------------------+-------+-------+-------++-------
Melee: Short sword       |   124 |   212 |    93 ||   429
Evoke: Wand              |       |    16 |       ||    16
  Use: Scroll            |     4 |     2 |     2 ||     8
 Stab: Sleeping          |     7 |    10 |     7 ||    24
  Eat: Chunk             |     1 |     9 |     4 ||    14
